 Dungeon Crawl Stone Soup version 0.29.1-4-g47bece8355 (webtiles) character file.

Game seed: 8902408885427908866

137 Barsook the Trooper (level 5, -8/55 HPs)
             Began as an Ogre Fighter on Dec 11, 2022.
             Mangled by Pikel
             ... wielding a +2 whip of flaming
              (9 damage)
             ... on level 4 of the Dungeon.
             The game lasted 00:05:03 (3336 turns).

Barsook the Trooper (Ogre Fighter)                  Turns: 3336, Time: 00:05:05

Health: -8/55      AC:  1    Str: 22    XL:     5   Next: 20%
Magic:  5/5        EV:  9    Int:  9    God:
Gold:   189        SH:  9    Dex: 14    Spells: 4/4 levels left

rFire   . . .      SeeInvis .   a - +0 war axe
rCold   . . .      Faith    +   c - +1 kite shield
rNeg    . . .      Spirit   .   b - +2 robe
rPois   .          Reflect  .   (helmet restricted)
rElec   .          Harm     .   (no cloak)
rCorr   .          Rampage  .   (gloves unavailable)
Will    .....                   (boots unavailable)
Stlth   +.........              h - amulet of faith
HPRegen 0.18/turn               f - +6 ring of dexterity
MPRegen 0.09/turn               g - +4 ring of protection

@: mighty, corroded
A: large, unfitting armour, tough skin 1
a: no special abilities


You were on level 4 of the Dungeon.
You visited 1 branch of the dungeon, and saw 4 of its levels.

You collected 189 gold pieces.

Inventory:

Hand Weapons
 a - a +0 war axe (weapon)
Armour
 b - a +2 robe (worn)
 c - a +1 kite shield (worn)
Jewellery
 e - a ring of wizardry
 f - a +6 ring of dexterity (left hand)
 g - a +4 ring of protection (right hand)
 h - an amulet of faith (around neck)
 i - a ring of wizardry
 k - a ring of ice
Scrolls
 j - a scroll of amnesia


   Skills:
 + Level 4.7 Fighting
 + Level 3.8 Axes
 + Level 3.2 Dodging
 + Level 0.4 Stealth
 + Level 3.6 Shields


You had 4 spell levels left.
You didn't know any spells.
Your spell library contained the following spells:

 Spells                   Type           Power      Damage    Failure   Level
 Sandblast                Erth           0%         2d4       67%         1
 Passwall                 Tmut/Erth      0%         N/A       82%         2
 Stone Arrow              Conj/Erth      0%         3d7       96%         3
 Leda's Liquefaction      Hex/Erth       0%         N/A       100%        4
 Lee's Rapid Deconstruct  Erth           0%         3d5*      100%        5
 Statue Form              Tmut/Erth      0%         N/A       100%        6


Dungeon Overview and Level Annotations

Branches:
Dungeon (4/15)
 Temple: D:4-7

Altars:
Okawaru

Annotations:
D:4 Pikel


Innate Abilities, Weirdness & Mutations

You are too large for most types of armour.
You have tough skin. (AC +1)


Message History

You hit the lemure but do no damage. You barely miss the lemure.
The lemure hits you but does no damage.
You slash Pikel!
Pikel is moderately wounded.
You miss the lemure. The lemure closely misses you.
The lemure hits you but does no damage.
Pikel hits you with a +2 whip of flaming.
Pikel burns you.
You slash Pikel!
Pikel is heavily wounded.
You closely miss the lemure.
Pikel zaps a wand.
The bolt of acid hits you but does no damage.
The lemure closely misses you.
You closely miss Pikel.
Pikel is heavily wounded.
You slash the lemure!
Pikel hits you with a +2 whip of flaming.
Pikel burns you. The lemure misses you.
You slash Pikel!
Pikel is severely wounded.
You hit the lemure.
Pikel zaps a wand.
The bolt of acid hits you! The acid corrodes you!
You block the lemure's attack. The lemure hits you!
* * * LOW HITPOINT WARNING * * *
Pikel zaps a wand.
The bolt of acid hits you!
* * * LOW HITPOINT WARNING * * *
The acid corrodes you!
You feel very mighty all of a sudden. Pikel barely misses you.
You block the lemure's attack.
You barely miss Pikel.
Pikel is severely wounded.
You hit the lemure but do no damage. Pikel barely misses you.
You block the lemure's attack.
You hit Pikel but do no damage.
Pikel is severely wounded.
You hit the lemure.
Pikel drinks a potion.
Pikel is healed!
The lemure hits you.
* * * LOW HITPOINT WARNING * * *
You block the lemure's attack.
Pikel hits you with a +2 whip of flaming!
You die...

....... ......
..... # ...#
#.#.K# .55#
###### #K##
#....# #@5#####
#....#
##.....####....#
#####....'....#
######....#
###..#
############'###
...............#
.......).)......
.........)....#.


You could see Pikel, 3 lemures and a kobold.

Vanquished Creatures
  A lemure (D:4)
  An iguana (D:4)
  An adder (D:3)
  A worm (D:3)
  3 dart slugs
  4 orcs (D:4)
  8 endoplasms
  4 giant cockroaches
  10 goblins
  10 hobgoblins
  3 jackals (D:3)
  5 quokkas
  12 ball pythons
  4 bats
  3 frilled lizards (D:3)
  7 kobolds
  5 rats
82 creatures vanquished.

Notes
Turn   | Place    | Note
-------+----------+-------------------------------------------
     0 | D:1      | Barsook the Ogre Fighter began the quest for the Orb.
     0 | D:1      | Reached XP level 1. HP: 24/24 MP: 1/1
    10 | D:1      | Found a faded altar of an unknown god.
   167 | D:1      | Reached XP level 2. HP: 32/32 MP: 2/2
   583 | D:1      | Reached XP level 3. HP: 40/40 MP: 3/3
  1688 | D:2      | Found an iron altar of Okawaru.
  1723 | D:2      | Reached XP level 4. HP: 49/49 MP: 4/4
  3136 | D:4      | Reached XP level 5. HP: 33/55 MP: 5/5
  3306 | D:4      | Noticed a lemure
  3320 | D:4      | Killed a lemure
  3323 | D:4      | Noticed a lemure
  3324 | D:4      | Noticed a lemure
  3324 | D:4      | Noticed a lemure
  3324 | D:4      | Noticed Pikel
  3336 | D:4      | HP: 1/55 [lemure[Pikel] (6)]
  3336 | D:4      | Mangled by Pikel

Illustrated notes

Levels and vault maps discovered:
D:1:      roderic_crossed_star, layout_basic,
          ebering_ecumenical_altar_sacrificial, minmay_misc_feat_x,
          hex_intersection
D:2:      layout_basic, basic_altar
D:3:      layout_basic, kennysheep_generic_room_9
D:4:      layout_basic, lemuel_crystal_altar, kennysheep_generic_room_7,
          uniq_pikel

Skill      XL: |  1  2  3 |
---------------+----------+-----
Dodging        | 3 |  3.2
Axes           | 3 |  3.8
Fighting       | |  4.7
Stealth        | |  0.4
Shields        | |  3.6

Action                   |  1- 3 |  4- 6 || total
-------------------------+-------+-------++-------
Melee: War axe           |   109 |   119 ||   228
  Use: Scroll            |     2 |    13 ||    15
       Potion            |     1 |     7 ||     8
 Stab: Sleeping          |       |     1 ||     1
Armor: Robe              |    43 |    47 ||    90
Dodge: Dodged            |    49 |    42 ||    91
Block: Kite shield       |    57 |    52 ||   109
